 Dungeon Crawl Stone Soup version 0.24-a0-271-ga0fc33f724 (webtiles) character file.

Game seed: 13507673510707904796

346 Darkell the Transmogrifier (level 6, -7/25 HPs)
             Began as a Felid Transmuter on Apr 24, 2019.
             Was an Elder of Ru.
             Mangled by a wyvern (15 damage)
             ... on level 9 of the Dungeon.
             The game lasted 00:10:07 (8432 turns).

Darkell the Transmogrifier (Felid Transmuter)       Turns: 8432, Time: 00:10:08

Health: -7/25      AC:  2    Str:  7    XL:     6   Next: 32%
Magic:  5/10       EV: 21    Int: 15    God:    Ru [****..]
Gold:   384        SH:  0    Dex: 22    Spells: 3/9 levels left
                                        Lives:  0   Deaths: 2

rFire    x . .     SeeInvis +     - Unarmed
rCold    x . .     Gourm    .   (shield unavailable)
rNeg     . . .     Faith    .   (armour unavailable)
rPois    .         Spirit   .   (helmet unavailable)
rElec    .         Reflect  .   (cloak unavailable)
rCorr    .         Harm     .   (gloves unavailable)
MR       .....                  (boots unavailable)
Stlth    ++........             (no amulet)
HPRegen  0.08/turn              h - ring of poison resistance
MPRegen  0.12/turn              l - +6 ring of slaying

@: spider-form, very slightly contaminated
A: tiny, no armour, no weapons or thrown items, stealth, see invisible,
carnivore, slow metabolism 1, inexperienced 1, temperature sensitive
a: End Transformation, Draw Out Power, Power Leap, Renounce Religion


You were on level 9 of the Dungeon.
You worshipped Ru.
Ru was greatly pleased with you.
You were completely stuffed.
You were a venomous arachnid creature.
You visited 2 branches of the dungeon, and saw 10 of its levels.

You collected 384 gold pieces.

Inventory:

Missiles
 a - 18 arrows
Jewellery
 e - an uncursed ring of protection from magic
 h - a ring of poison resistance (left front leg)
 l - a +6 ring of slaying (right front leg)
 x - an uncursed ring of protection from fire {unknown}
Wands
 p - a wand of iceblast (3)
Scrolls
 b - 2 scrolls of teleportation {unknown}
 f - 8 scrolls of identify {unknown}
 i - 2 scrolls of remove curse {unknown}
 j - 3 scrolls of fear {unknown}
 m - 3 scrolls of magic mapping {unknown}
 t - a scroll of enchant armour {unknown}
 u - a scroll of blinking {unknown}
 v - a scroll of fog {unknown}
 w - a scroll of enchant weapon {unknown}
Potions
 d - a potion of berserk rage {unknown}
 g - 2 potions of curing
 k - 2 potions of haste {unknown}
 n - a potion of lignification {unknown}
 o - a potion of heal wounds {unknown}
 q - a potion of degeneration {unknown}
 r - a potion of mutation {unknown}
 s - a potion of agility {unknown}
Comestibles
 c - 6 rations


   Skills:
 - Level 1.0 Fighting
 - Level 2.6 Dodging
 - Level 3.0 Unarmed Combat
 - Level 2.0 Spellcasting
 + Level 10.9 Transmutations


You had 3 spell levels left.
You knew the following spells:

 Your Spells              Type           Power        Failure   Level  Hunger
a - Beastly Appendage     Tmut           ####..       2%          1    #......
b - Sticks to Snakes      Tmut           ####....     3%          2    ###....
c - Spider Form           Tmut/Pois      ###.......   19%         3    ###....

Your spell library contained the following spells:

 Spells                   Type           Power        Failure   Level  Hunger
 Blade Hands              Tmut           ####......   19%         5    ######.
 Ice Form                 Ice/Tmut       ###.....     45%         4    #####..


Dungeon Overview and Level Annotations

Branches:
Dungeon (9/15)             Temple (1/1) D:5
   Lair: D:8-11         Orc: D:9-12

Altars:
Ashenzari
Cheibriados
Dithmenos
Elyvilon
Fedhas
Gozag
Kikubaaqudgha
Makhleb
Nemelex Xobeh
Okawaru
Qazlal
Ru
Sif Muna
Trog
Uskayaw
Vehumet
Wu Jian
Xom
Yredelemnul
Zin
The Shining One

Annotations:
D:8 Erica


Innate Abilities, Weirdness & Mutations

You cannot wear armour.
You are incapable of wielding weapons or throwing items.
Your paws allow you to move quietly. (Stealth)
((You have sharp claws.))
((You have razor-sharp teeth.))
You have supernaturally acute eyesight. (SInv)
You are carnivorous and can eat meat at any time.
((You cover ground quickly.))
((You are covered in thick fur. (AC +2)))
You have a slow metabolism.
You are somewhat inexperienced. (-2 XL)
((Your sharp claws are effective at attacking unaware monsters.))
You are sensitive to extremes of temperature. (rF-, rC-)


Message History

The wyvern is lightly wounded.
The wyvern closely misses you. The wyvern barely misses you.
You barely miss the wyvern.
The wyvern is lightly wounded.
The wyvern misses you.
You hit the wyvern.
The wyvern looks as sick as possible!
The wyvern is moderately wounded.
The wyvern completely misses you.
You hit the wyvern but do no damage.
The wyvern looks as sick as possible!
The wyvern is moderately wounded.
The wyvern is stunned by your will and fails to attack.
The wyvern completely misses you.
You hit the wyvern.
The wyvern looks as sick as possible!
The wyvern is severely wounded.
The wyvern closely misses you.
You hit the wyvern.
The wyvern looks as sick as possible!
The wyvern is almost dead.
The wyvern bites you! x2
Ouch! That really hurt!
You die...

##..'[..)....(.)........#
#####..........(........#########
#......#########+######..........
#......# ........#........
#......# ........#........
#......#....# ######..+........
#......#....######..##..#........
#......#....+.......+...#........
#......+....#...sl..#####........
+......#....###'##..#............
#......#....##..# .#............
#......#.....#..## #............
#......'.....#...# #....##+##...
#......#....##>.## #....+ #...
#......#....##..##..#....# #...
#......#....##......#....#####...
#......#............+............


You could see a wyvern.

Vanquished Creatures
  An ice beast (D:5)
  A crocodile (D:9)
  A big kobold (D:9)
  4 scorpions
  A howler monkey (D:5)
  A crimson imp (D:5)
  A bullfrog zombie (D:5)
  2 hounds (D:4)
  2 orc priests
  A jelly (D:5)
  2 orc wizards (D:9)
  A bullfrog skeleton (D:4)
  3 worker ants
  2 hound skeletons
  2 gnolls (D:3)
  10 adders
  A shadow imp (D:9)
  2 oozes
  5 worms
  7 leopard geckos
  8 orcs
  A ball python (D:3)
  2 giant cockroaches (D:2)
  9 goblins
  12 hobgoblins
  6 jackals
  10 kobolds
  7 quokkas
  9 bats
  6 frilled lizards
  A leopard gecko skeleton (D:4)
  7 rats
128 creatures vanquished.

Vanquished Creatures (collateral kills)
  An orc warrior (D:7)
  An ogre (D:5)
  2 gnolls (D:3)
4 creatures vanquished.

Grand Total: 132 creatures vanquished

Notes
Turn   | Place    | Note
-------+----------+-------------------------------------------
     0 | D:1      | Darkell the Felid Transmuter began the quest for the Orb.
     0 | D:1      | Reached XP level 1. HP: 9/9 MP: 4/4
    53 | D:1      | Reached skill level 3 in Transmutations
   129 | D:1      | Reached XP level 2. HP: 12/12 MP: 4/6
  1010 | D:1      | Reached XP level 3. HP: 15/15 MP: 7/7
  1132 | D:2      | Reached skill level 4 in Transmutations
  1161 | D:2      | Learned a level 2 spell: Sticks to Snakes
  1165 | D:2      | Learned a level 3 spell: Spider Form
  1479 | D:2      | Found a sacrificial altar of Ru.
  1489 | D:2      | Became a worshipper of Ru the Awakened
  2160 | D:2      | Reached XP level 4. HP: 18/19 MP: 1/8
  2206 | D:2      | Found a faded altar of an unknown god.
  2236 | D:3      | Reached skill level 5 in Transmutations
  2819 | D:3      | Found a bloodstained altar of Trog.
  2824 | D:3      | Found an iron altar of Okawaru.
  3196 | D:3      | Found an opulent altar of Gozag.
  3227 | D:3      | Reached XP level 5. HP: 17/22 MP: 5/9
  3449 | D:3      | Reached skill level 6 in Transmutations
  4323 | D:3      | Gained mutation: You are sensitive to extremes of
                  | temperature. (rF-, rC-) [Ru sacrifice]
  4323 | D:3      | Reached * piety under Ru
  4323 | D:3      | Reached ** piety under Ru
  4963 | D:4      | Reached skill level 7 in Transmutations
  4963 | D:4      | Gained mutation: You are covered in thick fur. (AC +2)
                  | [Felid growth]
  4963 | D:4      | Reached XP level 6. HP: 24/25 MP: 6/10
  5552 | D:5      | Entered Level 5 of the Dungeon
  5607 | D:5      | Reached skill level 8 in Transmutations
  5782 | D:5      | Reached XP level 7. HP: 20/28 MP: 6/11
  6007 | D:5      | Reached skill level 9 in Transmutations
  6247 | D:5      | Found a hide-covered altar of Uskayaw.
  6464 | D:5      | Found a staircase to the Ecumenical Temple.
  6473 | Temple   | Entered the Ecumenical Temple
  6791 | D:6      | You fall through a shaft for 3 floors!
  6841 | D:9      | Gained mutation: You are somewhat inexperienced. (-2 XL)
                  | [Ru sacrifice]
  6841 | D:9      | Reached XP level 6. HP: 25/25 MP: 10/10
  6841 | D:9      | Reached XP level 5. HP: 22/22 MP: 9/9
  6841 | D:9      | Reached *** piety under Ru
  6841 | D:9      | Reached **** piety under Ru
  7027 | D:9      | Noticed a crocodile
  7037 | D:9      | Slain by a crocodile
  7038 | D:9      | Reached XP level 4. HP: 0/19 MP: 6/8
  7052 | D:9      | Killed a crocodile
  7052 | D:9      | Reached skill level 10 in Transmutations
  7052 | D:9      | Reached XP level 5. HP: 22/22 MP: 9/9
  7083 | D:9      | Found a flagged portal.
  7117 | D:9      | Noticed a yak
  7127 | D:8      | Found a sacrificial altar of Ru.
  7128 | D:8      | Noticed Erica
  7142 | D:8      | Noticed a water moccasin
  7520 | D:7      | Noticed an orc warrior
  7526 | D:7      | Reached XP level 6. HP: 14/25 MP: 6/10
  7531 | D:7      | Hit by a tomahawk thrown by an orc warrior
  7532 | D:7      | Reached XP level 5. HP: -1/22 MP: 7/9
  7568 | D:7      | Killed an orc warrior
  7927 | D:6      | You fall through a shaft for 3 floors!
  7986 | D:9      | Reached XP level 6. HP: 25/25 MP: 6/10
  8423 | D:9      | Noticed a wyvern
  8432 | D:9      | Mangled by a wyvern

Levels and vault maps discovered:
D:1:      minmay_arrival_solitary_statue, layout_loops_ring, minmay_pentomino_q2
D:2:      layout_basic, nicolae_ru_sacrificial_ziggurat,
          chequers_ecumenical_altar_lobes, skrybe_limestone_x
D:3:      layout_basic, grunt_temple_overflow_open, lemuel_round_altar,
          first_ration
D:4:      layout_rooms, chequers_serial_rivers_micro_b
D:5:      layout_basic, kennysheep_mini_moat, minmay_temple_entry_fiery
D:6:      layout_basic, minmay_misc_feat_five, minmay_stone_trees_medium
D:7:      layout_basic, lemuel_doored_altar
D:8:      layout_loops_ring, basic_altar, serial_shops, shop_statue, the_bakery,
          uniq_erica, uniq_joseph, uniq_grum, uniq_harold, uniq_pikel
D:9:      layout_gridville, enter_bailey_6
Temple:   eino_temple_scatter_basement

Skill      XL: |  1  2  3  4  5  6  7 |
---------------+----------------------+-----
Transmutations | 3 4 10 7 8 9 | 10.9
Fighting       | |  1.0
Dodging        | |  2.6
Unarmed Combat | |  3.0
Spellcasting   | |  2.0

Action                   |  1- 3 |  4- 6 |  7- 9 || total
-------------------------+-------+-------+-------++-------
Melee: Unarmed           |   139 |   271 |    32 ||   442
       Headbutt          |     6 |     1 |       ||     7
       Bite              |     5 |     8 |     3 ||    16
       Punch             |     1 |     1 |       ||     2
 Cast: Beastly Appendage |    10 |     1 |       ||    11
       Spider Form       |     7 |    33 |     3 ||    43
       Sticks to Snakes  |       |    11 |     3 ||    14
Invok: Sacrifice Experie |       |     1 |       ||     1
       Sacrifice Resista |       |     1 |       ||     1
  Use: Potion            |       |     2 |       ||     2
 Stab: Sleeping          |     4 |     3 |     2 ||     9
  Eat: Chunk             |     8 |    24 |       ||    32
Armor: Skin              |     6 |    17 |     1 ||    24
Dodge: Dodged            |   111 |   196 |    27 ||   334

Table legend:
 A = Non-vault XP
 B = Vault XP
 C = Vault XP percentage of total XP
 D = Non-vault monster count
 E = Vault monster count
 F = Vault count percentage of total count
                 A         B        C        D         E       F
            +---------+---------+-------+---------+---------+-------
      Total |    1739 |       1 |   0.1 |     131 |       1 |   0.8
            +---------+---------+-------+---------+---------+-------
        D:1 |      40 |       1 |   2.4 |      24 |       1 |   4.0
        D:2 |      62 |       0 |   0.0 |      23 |       0 |   0.0
        D:3 |     180 |       0 |   0.0 |      35 |       0 |   0.0
        D:4 |     266 |       0 |   0.0 |      14 |       0 |   0.0
        D:5 |     547 |       0 |   0.0 |      13 |       0 |   0.0
        D:7 |     255 |       0 |   0.0 |       7 |       0 |   0.0
        D:9 |     389 |       0 |   0.0 |      15 |       0 |   0.0
            +---------+---------+-------+---------+---------+-------
